AoeStats
← GAX | lee17-han

Nomad

510420550Analyzed
2v2 RM · 2d ago on Sep 30, 2026· 44m 22s· 4 players
Game mode
Random Map
Map size
176×176
Population
200
Speed
Normal
Resources
Standard
Victory
Conquest
Starting age
Dark Age
Ending age
Imperial Age
RankedLock teamsTeams togetherTeam positionsShared explorationLock speedFull tech treeHidden civsTurbo modeCheats
Victory
Defeat
🇧🇷 Khitans · Brazil
1497
+13
🇧🇷 Goths · Brazil
1304
+20
🇬🇧 Danes · United Kingdom
1552
-22
🇮🇪 Saxons · Ireland
1273
-11
Lexi ní Anord
5:08 Loom
13:15 Feudal Age
13:47 Double-Bit Axe
16:26 Scale Mail Armor
20:41 Castle Age
19:14 Arson
21:44 Chain Mail Armor
21:50 Squires
22:47 Fletching
24:17 Wheelbarrow
35:43 Gambesons
40:05 Horse Collar
45:09 Imperial Age
spudjii
12:39 Feudal Age
15:59 Forging
15:57 Fishing Lines
16:14 Double-Bit Axe
18:56 Loom
21:45 Castle Age
19:53 Fletching
24:50 Bow Saw
26:52 Bodkin Arrow
28:18 Horse Collar
30:15 Scale Mail Armor
31:42 Gillnets
33:46 Wheelbarrow
35:30 Chain Mail Armor
39:52 Imperial Age
37:40 Squires
37:25 Arson
37:26 Gambesons
38:37 Iron Casting
37:26 Man-at-Arms
38:09 Long Swordsman
39:57 Two-Handed Swordsman
41:09 Plate Mail Armor
41:38 Champion
tiagobellodi
6:10 Loom
12:47 Feudal Age
13:16 Fishing Lines
13:51 Town Watch
14:48 Double-Bit Axe
16:46 Wheelbarrow
22:14 Castle Age
21:18 Forging
21:03 Gold Mining
20:50 Man-at-Arms
21:31 Scale Mail Armor
23:10 Gillnets
23:37 Medium Warships
23:12 Long Swordsman
29:41 Squires
30:13 Chain Mail Armor
34:56 Imperial Age
34:26 Iron Casting
34:55 Padded Archer Armor
35:22 Hand Cart
36:39 Chemistry
36:47 Blast Furnace
36:53 Two-Handed Swordsman
38:38 Horse Collar
39:44 Leather Archer Armor
39:41 Bow Saw
39:53 Fletching
40:32 Masonry
42:00 Conscription
42:52 Ring Archer Armor
43:39 Heavy Plow
GAX | lee17-han
3:49 Loom
13:39 Feudal Age
17:44 Castle Age
15:38 Fletching
17:03 Padded Archer Armor
17:03 Double-Bit Axe
18:53 Bodkin Arrow
25:23 Town Watch
25:22 Domestication
32:36 Imperial Age
31:30 Scale Mail Armor
31:41 Forging
32:45 Squires
33:06 Chain Mail Armor
34:49 Plate Mail Armor
35:09 Gold Mining
36:28 Bow Saw
39:31 Wheelbarrow
40:04 Pastoralism
43:21 Iron Casting
Connection lost

Rejoining the realm…

Still unreachable

The connection could not be restored.

Session expired

The server has moved on; the page needs a fresh start.